 Dungeon Crawl Stone Soup version 0.23.0-38-g208d714 (webtiles) character file.

Game seed: 0

7451 misha the Spear-Bearer (level 11, -14/86 (87) HPs)
             Began as a Merfolk Berserker on Feb 26, 2019.
             Was a Priest of Trog.
             Killed from afar by a deep elf mage (21 damage)
             ... with a bolt of lightning
             ... on level 10 of the Dungeon on Feb 27, 2019.
             The game lasted 00:39:30 (13935 turns).

misha the Spear-Bearer (Merfolk Berserker)         Turns: 13935, Time: 00:39:31

HP:   -14/86 (87)   AC: 15    Str: 20    XL:     11   Next: 15%
MP:   11/11         EV:  6    Int:  7    God:    Trog [***...]
Gold: 407           SH: 15    Dex: 14    Spells: 10/10 levels left

rFire    . . .     SeeInvis +   p - +1 dagger (venom)
rCold    . . .     Gourm    .   n - +0 large shield
rNeg     . . .     Faith    .   V - +0 plate armour
rPois    +         Spirit   .   w - +1 helmet {SInv}
rElec    .         Reflect  .   (no cloak)
rCorr    .         Harm     .   (no gloves)
MR       +++..                  G - +2 pair of boots
Stlth    ..........             N - amulet of magic regeneration
HPRegen  1.24/turn              J - ring of protection from magic
MPRegen  0.37/turn              q - ring of poison resistance

@: berserk cooldown, regenerating, slowed, very slow
A: change form in water, swift swim, stealthy swim
a: Berserk, Trog's Hand, Renounce Religion


You were on level 10 of the Dungeon.
You worshipped Trog.
Trog was most pleased with you.
You were not hungry.

You visited 1 branch of the dungeon, and saw 10 of its levels.

You collected 407 gold pieces.

Inventory:

Hand Weapons
 a - a +0 spear
 p - a +1 dagger of venom (weapon)
 P - a +5 falchion
Missiles
 r - 3 javelins of penetration (quivered)
 s - 7 needles of frenzy
 y - 303 stones
 M - 6 needles of sleeping
 U - a throwing net
Armour
 n - a +0 large shield (worn)
 w - a +1 helmet of see invisible (worn)
 G - a +2 pair of boots (worn)
 V - a +0 plate armour (worn)
Jewellery
 e - an uncursed ring of wizardry
 q - a ring of poison resistance (right hand)
 A - an uncursed amulet of faith
 F - an uncursed amulet of magic regeneration
 J - a ring of protection from magic (left hand)
 N - an amulet of magic regeneration (around neck)
Wands
 B - a wand of acid (6)
 D - a wand of digging (5)
 O - a wand of random effects (17)
 R - a wand of iceblast (10)
Scrolls
 b - 3 scrolls of noise {unknown}
 d - 2 scrolls of identify
 f - a scroll of fear {unknown}
 g - a scroll of enchant armour {unknown}
 h - 2 scrolls of enchant weapon {unknown}
 j - 3 scrolls of teleportation {unknown}
 t - a scroll of fog {unknown}
 v - a scroll of magic mapping {unknown}
 H - 3 scrolls of blinking {unknown}
 Q - 2 scrolls of random uselessness {unknown}
 T - 2 scrolls of remove curse {unknown}
Potions
 c - a potion of berserk rage
 i - a potion of resistance
 k - a potion of haste
 l - a potion of flight
 m - 3 potions of agility
 o - 4 potions of heal wounds
 u - a potion of lignification
 z - a potion of mutation
 C - a potion of magic
 E - 4 potions of brilliance
 I - 2 potions of degeneration
 K - a potion of might
Miscellaneous
 S - a sack of spiders
Comestibles
 x - 13 rations


   Skills:
 + Level 8.5 Fighting
 + Level 6.9(7.3) Short Blades
 + Level 2.9(5.0) Long Blades
 + Level 10.9 Polearms
 - Level 1.5 Armour
 + Level 9.3 Dodging
 + Level 8.3 Stealth
 + Level 6.5 Shields


You had 10 spell levels left.
You didn't know any spells.
Your spell library was empty.

Dungeon Overview and Level Annotations

Branches:
Dungeon (10/15)            Temple (0/1) D:7            Lair (0/6) D:8
    Orc: D:9-12

Altars:
Fedhas
Gozag
Hepliaklqana
Makhleb
Nemelex Xobeh
Qazlal
Ru
Sif Muna
Uskayaw
Zin

Shops:
D:8 :   D:10 (

Annotations:
D:7 2 transporters, Scud's ghost, novice HaHu


Message History

You closely miss the deep elf mage.
The deep elf mage is lightly wounded.
You block the deep elf mage's attack.
You hit the deep elf mage.
The deep elf mage is poisoned.
The deep elf mage is moderately wounded.
The deep elf mage barely misses you.
You hit the deep elf mage.
The deep elf mage looks as sick as possible!
The deep elf mage is moderately wounded.
The deep elf mage points at you and mumbles some strange words.
The bolt of lightning hits you!!
* * * LOW HITPOINT WARNING * * *
Your plate armour prevents you from hitting the deep elf mage.
The deep elf mage is heavily wounded.
The deep elf mage hits you but does no damage.
The deep elf mage casts a spell.
The deep elf mage blinks!
The deep elf mage casts a spell at you. The bolt of lightning hits you!!
You die...

#...................#
#...................########
............................
....................).......
.......##########e.########.
######(# #..# #)# #..#
#)##########..#
######)(........@..########P
............................
....................รท..####
#########...#########..#
#...# #..# #########...# #..#
..............e.../..........
.............................
..###########..############..


You could see a deep elf mage.

Vanquished Creatures
  2 two-headed ogres
  2 trolls
  Grinder (D:5)
  A meliai zombie (D:10)
  2 hippogriffs
  Sigmund (D:4)
  A steam dragon (D:8)
  A hungry ghost (D:8)
  Menkaure (D:6)
  A water moccasin (D:10)
  4 ice beasts
  2 orc warriors (D:9)
  2 black bears
  2 sky beasts
  A necrophage (D:10)
  A phantom (D:9)
  4 ogres
  4 centaurs
  4 bullfrogs
  3 scorpions
  3 killer bees (D:8)
  7 wights
  3 howler monkeys
  4 crimson imps
  A quasit (D:9)
  3 jellies
  2 bullfrog skeletons
  7 orc priests
  A centaur skeleton (D:8)
  3 hounds
  7 orc wizards
  An iguana (D:4)
  9 worker ants
  A hound skeleton (D:7)
  A hound zombie (D:5)
  A mummy (D:10)
  2 worker ant zombies
  Robin (D:4)
  4 gnolls (D:3)
  14 adders
  An ooze (D:3)
  2 worms
  4 dart slugs
  12 leopard geckos
  35 orcs
  A ball python (D:2)
  4 bats (D:2)
  5 giant cockroaches
  16 goblins
  10 hobgoblins
  6 jackals
  5 quokkas
  A ball python skeleton (D:6)
  A ball python zombie (D:6)
  3 frilled lizards
  A giant cockroach zombie (D:5)
  7 kobolds
  A leopard gecko zombie (D:5)
  A quokka skeleton (D:4)
  6 rats
237 creatures vanquished.

Vanquished Creatures (collateral kills)
  A gargoyle (D:8)
  3 wights (D:7)
  2 crimson imps (D:8)
6 creatures vanquished.

Grand Total: 243 creatures vanquished

Notes
Turn   | Place    | Note
-------+----------+-------------------------------------------
     0 | D:1      | misha the Merfolk Berserker began the quest for the Orb.
     0 | D:1      | Reached XP level 1. HP: 18/18 MP: 1/1
   158 | D:1      | Reached XP level 2. HP: 15/24 MP: 2/2
  1138 | D:1      | Reached skill level 5 in Polearms
  1138 | D:1      | Reached XP level 3. HP: 25/30 MP: 3/3
  1648 | D:2      | Reached ** piety under Trog
  1690 | D:2      | Reached skill level 1 in Stealth
  2016 | D:2      | Reached XP level 4. HP: 27/37 MP: 4/4
  3081 | D:3      | Reached XP level 5. HP: 43/43 MP: 5/5
  3126 | D:3      | Reached skill level 1 in Shields
  3717 | D:3      | Reached skill level 6 in Polearms
  3717 | D:3      | Reached XP level 6. HP: 38/50 MP: 6/6
  3988 | D:3      | Found a burning altar of Makhleb.
  4530 | D:4      | Reached *** piety under Trog
  4559 | D:4      | Found a stormy altar of Qazlal.
  4610 | D:4      | Noticed Robin
  4621 | D:4      | Killed Robin
  4650 | D:4      | Reached skill level 5 in Fighting
  5060 | D:4      | Reached XP level 7. HP: 56/56 MP: 7/7
  5473 | D:4      | Noticed Sigmund
  5508 | D:4      | Killed Sigmund
  5508 | D:4      | Reached skill level 5 in Dodging
  5858 | D:5      | Entered Level 5 of the Dungeon
  6058 | D:5      | Noticed Grinder
  6069 | D:5      | Reached skill level 7 in Polearms
  6083 | D:5      | Killed Grinder
  6083 | D:5      | Reached skill level 1 in Short Blades
  6083 | D:5      | Reached XP level 8. HP: 42/64 MP: 8/8
  6313 | D:5      | Found a hide-covered altar of Uskayaw.
  6686 | D:6      | Noticed Menkaure
  6697 | D:6      | Killed Menkaure
  6984 | D:6      | Noticed a two-headed ogre
  6990 | D:6      | Killed a two-headed ogre
  6990 | D:6      | Reached skill level 8 in Polearms
  6990 | D:6      | Reached skill level 5 in Stealth
  6990 | D:6      | Reached XP level 9. HP: 68/71 MP: 9/9
  7351 | D:6      | Reached **** piety under Trog
  7410 | D:6      | Found a hazy altar of Hepliaklqana.
  7410 | D:6      | Found a glowing silver altar of Zin.
  7532 | D:7      | Found a transporter.
  7695 | D:7      | Found an opulent altar of Gozag.
  7695 | D:7      | Found a sacrificial altar of Ru.
  7695 | D:7      | Found a blossoming altar of Fedhas.
  7706 | D:7      | Found a transporter.
  7706 | D:7      | Noticed Scud's ghost (novice HaHu)
  7791 | D:7      | Reached skill level 9 in Polearms
  8361 | D:7      | Reached skill level 5 in Shields
  8465 | D:7      | Found a staircase to the Ecumenical Temple.
  8472 | D:7      | Noticed a troll
  8492 | D:7      | Killed a troll
  8492 | D:7      | Reached skill level 5 in Short Blades
  8494 | D:7      | Reached XP level 10. HP: 42/79 MP: 10/10
  9074 | D:8      | Noticed a gargoyle
  9089 | D:8      | Killed a gargoyle
  9561 | D:8      | Found Wochex's Book Emporium.
  9613 | D:8      | Found a staircase to the Lair.
  9634 | D:8      | Reached skill level 10 in Polearms
  9663 | D:8      | Reached ***** piety under Trog
  9986 | D:8      | Found a deep blue altar of Sif Muna.
 10568 | D:8      | Found a sparkling altar of Nemelex Xobeh.
 11046 | D:9      | Reached skill level 1 in Long Blades
 11404 | D:9      | Upgraded the game from 0.23.0-33-g5e6c059 to
                  | 0.23.0-38-g208d714
 12529 | D:9      | Noticed a two-headed ogre
 12542 | D:9      | Killed a two-headed ogre
 12542 | D:9      | Reached XP level 11. HP: 87/87 MP: 11/11
 13146 | D:10     | Entered Level 10 of the Dungeon
 13544 | D:10     | Found Joem's Weapon Shop.
 13908 | D:10     | Noticed a deep elf mage
 13932 | D:10     | HP: 1/86 [deep elf mage/bolt of lightning (29)]
 13935 | D:10     | Killed from afar by a deep elf mage

Skill      XL: |  1  2  3  4  5  6  7  8  9 10 |
---------------+-------------------------------+-----
Fighting       | 4 5 6 7 8 |  8.5
Polearms       | 5 6 7 8 9 10 | 10.9
Dodging        | 3 4 5 6 7 9 |  9.3
Stealth        | 1 2 3 4 5 6 8 |  8.3
Shields        | 1 2 3 4 5 6 |  6.5
Short Blades   | 1 3 5 6 |  6.9
Long Blades    | 2 |  2.9
Armour         | |  1.5

Action                   |  1- 3 |  4- 6 |  7- 9 | 10-12 || total
-------------------------+-------+-------+-------+-------++-------
Melee: Spear             |   132 |   263 |    44 |       ||   439
       Dagger            |       |       |   317 |   621 ||   938
Invok: Berserk           |       |     4 |     6 |     9 ||    19
       Trog's Hand       |       |     1 |       |     3 ||     4
       Brothers in Arms  |       |       |       |     2 ||     2
Evoke: Wand              |       |       |     2 |       ||     2
  Use: Potion            |       |     2 |       |     1 ||     3
       Scroll            |       |       |       |    11 ||    11
 Stab: Sleeping          |     1 |     2 |     9 |     5 ||    17
       Distracted        |       |     1 |     1 |     1 ||     3
  Eat: Chunk             |     1 |    12 |     6 |    15 ||    34
       Ration            |     1 |       |     3 |     6 ||    10
Armor: Animal skin       |    13 |     1 |       |       ||    14
       Ring mail         |       |    41 |    56 |    48 ||   145
       Steam dragon scal |       |       |       |    46 ||    46
       Plate armour      |       |       |       |    55 ||    55
Dodge: Dodged            |    69 |    44 |    96 |   161 ||   370
Block: Large shield      |       |   102 |   198 |   423 ||   723
